 Dungeon Crawl Stone Soup version 0.16.1-4-g8e1b745 (webtiles) character file.

3271 RobertPalmer the Extinguished (level 10, 0/60 HPs)
             Began as an Octopode Warper on Mar 26, 2015.
             Was a Believer of Dithmenos.
             Killed by divine providence
             ... invoked by an orc priest
              (14 damage)
             ... on level 7 of the Dungeon.
             The game lasted 00:18:01 (7593 turns).

RobertPalmer the Extinguished (Octopode Warper)     Turns: 7593, Time: 00:18:01

Health: 0/60       AC:  4    Str:  7    XL:     10   Next: 0%
Magic:  31/33      EV: 12    Int: 16    God:    Dithmenos [**....]
Gold:   360        SH:  5    Dex: 15    Spells: 3 memorised, 7 levels left

rFire  . . .     SeeInvis .     a - +0 short sword (elec)
rCold  + . .     Clarity  +     o - +0 buckler
rNeg   . . .     SustAb   .     b - +1 hat
rPois  .         Gourm    .     F - amulet of Conformity {Clar +Inv MP+9 Str-3}
rElec  .         Spirit   .     k - ring of protection from cold {rC+, !d}
rCorr  .         Warding  .     t - +2 ring of protection
rMut   .         Stasis   .     E - ring of stealth {Stlth+}
MR     .....                    v - ring of wizardry {Wiz+, !d}
Stlth  ++++++++..               (no ring)
                                (no ring)
                                (no ring)
                                (no ring)

@: very slightly contaminated, wreathed by umbra, invisible, not resistant to
hostile enchantments, extraordinarily stealthy
A: almost no armour, amphibious, 8 rings, constrict 8, camouflage 1, gelatinous
body 1
a: Shadow Step, Renounce Religion, Turn Visible


You were on level 7 of the Dungeon.
You worshipped Dithmenos.
Dithmenos was pleased with you.
You were hungry.

You visited 2 branches of the dungeon, and saw 9 of its levels.

You collected 360 gold pieces.

Inventory:

Hand weapons
 a - a +0 short sword of electrocution (weapon)
   (You found it on level 2 of the Dungeon)
Missiles
 e - 5 tomahawks of dispersal {=f}
 u - 3 needles of paralysis
 G - 2 throwing nets {=f, !d}
Armour
 b - a +1 hat (worn)
   (You found it on level 2 of the Dungeon)
 o - a +0 buckler (worn)
   (You found it on level 7 of the Dungeon)
Jewellery
 k - a ring of protection from cold (left tentacle) {rC+, !d}
   (You found it on level 1 of the Dungeon)
 q - an uncursed amulet of warding {Ward, rN+, !d}
   (You found it on level 2 of the Dungeon)
 t - a +2 ring of protection (right tentacle)
   (You found it on level 3 of the Dungeon)
 v - a ring of wizardry (on tentacle) {Wiz+, !d}
   (You found it on level 5 of the Dungeon)
 D - an uncursed ring of see invisible {unknown}
   (You found it on level 7 of the Dungeon)
 E - a ring of stealth (on tentacle) {Stlth+}
   (You found it on level 6 of the Dungeon)
 F - the amulet of Conformity (around mantle) {Clar +Inv MP+9 Str-3}
   (You found it on level 6 of the Dungeon)

   [amulet of clarity]

   It provides mental clarity.
   It affects your strength (-3).
   It affects your magic capacity (+9).
   It lets you turn invisible.
Magical devices
 h - a wand of polymorph (10)
   (You found it on level 6 of the Dungeon)
Scrolls
 j - 4 scrolls of remove curse
 y - a scroll of teleportation
 I - a scroll of recharging
 K - a scroll of identify
Potions
 g - a potion of heal wounds {unknown}
 l - a potion of magic {unknown}
 m - a potion of might {unknown}
 p - a potion of haste {unknown}
 r - 4 potions of poison {unknown}
 s - 2 potions of ambrosia {unknown}
 w - 2 potions of invisibility {unknown}
 x - 2 potions of restore abilities {unknown}
 z - a potion of curing {unknown}
 A - 2 potions of agility {unknown}
 B - 2 potions of beneficial mutation {unknown}
Books
 c - a book of Spatial Translocations
 C - a book of Control
   (You found it on level 5 of the Dungeon)
Comestibles
 d - 3 meat rations {@e2}
 f - 7 bread rations {@e1}
 i - 16 fruits
 n - a beef jerky
 J - 5 royal jellies


   Skills:
 - Level 2.0 Fighting
 - Level 6.9 Short Blades
 - Level 1.0 Throwing
 - Level 2.3 Dodging
 - Level 8.0 Stealth
 - Level 3.2 Shields
 - Level 2.0 Spellcasting
 - Level 3.0 Translocations
 + Level 10.7 Invocations


You had 7 spell levels left.
You knew the following spells:

 Your Spells              Type           Power        Failure   Level  Hunger
a - Teleport Other        Tloc           ##......     9%          3    ###....
b - Blink                 Tloc           N/A          4%          2    ###....
g - Apportation           Tloc           ##........   3%          1    #......


Dungeon Overview and Level Annotations

Branches:
Dungeon (8/15)             Temple (1/1) D:4
   Lair: D:8-11

Altars:
Ashenzari
Cheibriados
Dithmenos
Elyvilon
Fedhas
Gozag
Kikubaaqudgha
Makhleb
Nemelex Xobeh
Okawaru
Qazlal
Ru
Sif Muna
Trog
Vehumet
Xom
Yredelemnul
Zin
The Shining One

Annotations:
D:3 Grinder, Sigmund
D:8 exclusion: Duvessa, Dowan, Duvessa


Innate Abilities, Weirdness & Mutations

You cannot wear most types of armour.
You are amphibious.
You can wear up to eight rings at the same time.
You can use your tentacles to constrict many enemies at once.
Your skin changes colour to match your surroundings (Stealth).
Your rubbery body absorbs attacks (AC +1).


Message History

The giant frog hits you.
You take 3 damage, and have 34/54 hp.
The giant frog hits you.
You take 3 damage, and have 31/54 hp.
The giant frog hits you.
You take 5 damage, and have 26/54 hp.
The giant frog hits you but does no damage.
The giant frog hits you.
You take 5 damage, and have 22/54 hp.
There is a stone staircase leading up here.
The giant frog barely misses you. The giant frog hits you.
You climb upwards.
There is a stone staircase leading down here.
You take 2 damage, and have 20/54 hp.
You hit the giant frog. You grab the giant frog.
Your squeeze misses the giant frog. You constrict the giant frog.
The giant frog barely misses you.
You hit the giant frog but do no damage.
You constrict the giant frog. The giant frog barely misses you.
You hit the giant frog but do no damage.
You constrict the giant frog.
The giant frog hits you but does no damage.
You hit the giant frog. You constrict the giant frog. The giant frog hits you.
You take 1 damage, and have 19/54 hp.
You hit the giant frog but do no damage.
You constrict the giant frog. The giant frog barely misses you.
The giant frog hits you.
You take 2 damage, and have 17/54 hp.
You hit the giant frog. You constrict the giant frog.
The giant frog misses you.
You hit the giant frog.
You kill the giant frog!
Dithmenos accepts your kill.
You start resting.
Eating one of 7 chunks of flesh {@w0}.
You continue eating. x2
Your magical contamination has completely faded away.
You regained 6 hp, and now have 24/54 hp.
You start resting.
Some of the chunks of flesh in your inventory have rotted away.
All of the chunks of flesh in your inventory have rotted away.
You regained 18 hp, and now have 42/54 hp.
Unknown command.
You see here a ring mail.
You see here a club.
An orc comes into view.
You regained 2 hp, and now have 45/54 hp.
The orc shouts!
The orc closely misses you.
You hit the orc.
You kill the orc!
Dithmenos accepts your kill.
No target in view!
(D) Dungeon (T) Temple
Where to? (Enter - D:7 @ (x,y), ? - help)
An orc priest comes into view. It is wielding a flail.
An orc warrior comes into view. It is wielding a trident.
Aim: an orc warrior, wielding a trident and wearing a chain mail (hasn't noticed you)
You throw a tomahawk. The orc warrior shouts!
The orc priest shouts!
The tomahawk hits the orc warrior but does no damage.
An orc wizard comes into view. It is wielding a dagger of venom.
Aim: an orc warrior, wielding a trident and wearing a chain mail You throw a tomahawk.
The orc wizard shouts!
The tomahawk hits the orc warrior.
An orc priest comes into view. It is wielding a hand axe.
You fade into invisibility!
You are very lightly contaminated with residual magic.
You are feeling hungry.
The orc wizard casts a spell at you.
You feel momentarily confused.
The orc priest calls down the wrath of Beogh upon you.
Pain shoots through your body!
You take 4 damage, and have 43/54 hp.
You now have 29/31 mp.
The orc warrior hits you with a trident!
You take 10 damage, and have 33/54 hp.
The orc priest shouts!
You hit the orc warrior but do no damage.
Your grab misses the orc warrior.
The orc wizard casts a spell at something.
The puff of flame misses you.
You catch the helpless orc warrior completely off-guard!
You hit the orc warrior! You grab the orc warrior.
You constrict the orc warrior, but do no damage.
The orc warrior barely misses you.
You completely miss the orc warrior.
You constrict the orc warrior, but do no damage.
The orc warrior hits you with a trident!!
* * * LOW HITPOINT WARNING * * *
You take 20 damage, and have 13/54 hp.
MASSIVE DAMAGE!!
You hit the orc warrior but do no damage.
There is a sudden explosion of sparks!
You kill the orc warrior!
Dithmenos accepts your kill.
You have reached level 10!
You feel agile.
The orc priest mumbles some strange prayers to Beogh against you.
Something smites you!
You die...

###..<.........# #.........
##..............########.........
......####...................#...
......+.#..........######....#...
......#.#....................###.
......#'#....###.........#'#.....
............#####........#.######
##.......................''######
#..............@...............#
#.....##........)..............#
#####.##...o......#####........#
#..........(..# ###.[.....
######...oo.(..# #.......
#.............)# #.......
#..............# #.......
#...:..........# #.......
#........####### #.......


You could see 2 orc priests and an orc wizard.

Vanquished Creatures
  2 komodo dragons (D:8)
  A queen bee (D:8)
  The ghost of puimuR the Ruffian, an average TrAM (D:6)
  Menkaure (D:5)
  An ice beast (D:6)
  An orc warrior (D:7)
  A centaur (D:3)
  An ogre (D:4)
  A crocodile (D:8)
  3 giant frogs
  A water moccasin skeleton (D:5)
  17 killer bees (D:8)
  2 orc priests
  2 hounds
  A wasp zombie (D:7)
  A crimson imp (D:5)
  Crazy Yiuf (D:7)
  A quasit (D:7)
  2 orc wizards
  5 worker ants
  Ijyb (D:3)
  A hound zombie (D:5)
  Terence (D:3)
  10 adders
  4 gnolls
  4 giant mites
  2 worms
  2 shadow imps (D:5)
  2 adder skeletons
  5 giant geckos
  2 oozes (D:4)
  18 orcs
  6 giant cockroaches
  17 goblins
  8 hobgoblins
  12 kobolds
  A quokka (D:4)
  A ball python (D:2)
  11 bats
  8 giant newts
  11 jackals
  16 rats
  4 ballistomycetes (D:7)
  A fungus (D:7)
194 creatures vanquished.

Vanquished Creatures (others)
  A giant spore (D:7)
1 creature vanquished.

Grand Total: 195 creatures vanquished

Notes
Turn   | Place    | Note
--------------------------------------------------------------
     0 | D:1      | RobertPalmer, the Octopode Warper, began the quest for the Orb.
     0 | D:1      | Reached XP level 1. HP: 14/14 MP: 3/3
   149 | D:1      | Reached XP level 2. HP: 19/19 MP: 4/4
   444 | D:1      | Reached skill level 3 in Short Blades
   695 | D:2      | Reached XP level 3. HP: 17/24 MP: 6/6
  1020 | D:2      | Reached skill level 4 in Short Blades
  1268 | D:2      | Reached XP level 4. HP: 25/29 MP: 7/7
  1820 | D:3      | Found a basalt altar of Yredelemnul.
  1931 | D:3      | HP: 4/29 [goblin/stone (5)]
  2109 | D:3      | Noticed a centaur
  2117 | D:3      | Killed a centaur
  2117 | D:3      | Reached skill level 5 in Short Blades
  2117 | D:3      | Reached XP level 5. HP: 16/34 MP: 9/9
  2305 | D:3      | Noticed Sigmund
  2357 | D:4      | Found a basalt altar of Yredelemnul.
  2367 | D:4      | Reached skill level 6 in Short Blades
  2640 | D:4      | Reached XP level 6. HP: 36/39 MP: 10/10
  3039 | D:3      | Noticed Terence
  3059 | D:3      | Killed Terence
  3105 | D:3      | Noticed Ijyb
  3119 | D:3      | Killed Ijyb
  3463 | D:3      | Noticed Grinder
  3464 | D:3      | Paralysed by Grinder for 7 turns
  3485 | D:2      | Learned a level 2 spell: Blink
  3489 | D:2      | Learned a level 3 spell: Teleport Other
  3634 | D:4      | Reached skill level 1 in Stealth
  3714 | D:4      | Noticed an ogre
  3891 | D:4      | Reached skill level 2 in Stealth
  3945 | D:4      | Found a staircase to the Ecumenical Temple.
  3966 | Temple   | Entered the Ecumenical Temple
  4086 | Temple   | Became a worshipper of Dithmenos the Shadowed
  4108 | D:4      | Killed an ogre
  4108 | D:4      | Reached skill level 3 in Stealth
  4108 | D:4      | Reached XP level 7. HP: 45/45 MP: 12/12
  4117 | D:4      | Reached skill level 4 in Stealth
  4370 | D:5      | Entered Level 5 of the Dungeon
  4695 | D:5      | Noticed Menkaure
  4699 | D:5      | Killed Menkaure
  4699 | D:5      | Reached skill level 6 in Stealth
  5023 | D:5      | Reached skill level 7 in Stealth
  5111 | D:6      | Noticed puimuR's ghost (average TrAM)
  5135 | D:6      | Reached skill level 8 in Stealth
  5135 | D:6      | Reached XP level 8. HP: 50/50 MP: 13/13
  5162 | D:6      | Got a faintly glowing ruby amulet
  5168 | D:6      | Identified the amulet of Conformity {Clar +Inv MP+9 Str-3} (You found it on level 6 of the Dungeon)
  5366 | D:5      | Reached skill level 2 in Invocations
  5628 | D:6      | Killed puimuR's ghost
  5628 | D:6      | Reached skill level 4 in Invocations
  5646 | D:6      | Reached skill level 5 in Invocations
  6284 | D:7      | Reached skill level 1 in Shields
  6318 | D:7      | Reached skill level 2 in Shields
  6740 | D:7      | Noticed Crazy Yiuf
  6744 | D:7      | Killed Crazy Yiuf
  6744 | D:7      | Reached skill level 3 in Shields
  6971 | D:8      | Noticed Dowan
  6974 | D:8      | Noticed a queen bee
  7053 | D:8      | Reached skill level 6 in Invocations
  7064 | D:8      | Killed a queen bee
  7064 | D:8      | Reached skill level 7 in Invocations
  7064 | D:8      | Reached XP level 9. HP: 54/54 MP: 19/19
  7184 | D:8      | Reached skill level 8 in Invocations
  7188 | D:8      | Acquired Dithmenos' first power
  7189 | D:8      | Noticed Duvessa
  7207 | D:8      | Reached skill level 9 in Invocations
  7355 | D:8      | Noticed a komodo dragon
  7373 | D:8      | Killed a komodo dragon
  7375 | D:8      | Noticed a komodo dragon
  7380 | D:8      | Killed a komodo dragon
  7380 | D:8      | Reached skill level 10 in Invocations
  7592 | D:7      | HP: 13/54 [orc warrior/trident (20)]
  7593 | D:7      | Reached XP level 10. HP: 14/60 MP: 24/24
  7593 | D:7      | Killed from afar by an orc priest

Action                   |  1- 3 |  4- 6 |  7- 9 | 10-12 || total
-------------------------+-------+-------+-------+-------++-------
Melee: Short sword       |    59 |   159 |   209 |       ||   427
Throw: Tomahawk          |       |    13 |     8 |       ||    21
 Cast: Teleport Other    |       |       |     1 |       ||     1
 Abil: Evoke Invisibilit |       |       |     6 |       ||     6
Evoke: Wand              |       |       |     1 |       ||     1
  Use: Scroll            |     3 |     8 |     5 |       ||    16
 Stab: Sleeping          |     5 |     8 |    42 |       ||    55
       Distracted        |       |     1 |       |       ||     1
       Invisible         |       |       |     5 |       ||     5
  Eat: Chunk             |     1 |     9 |    10 |       ||    20
       Pizza             |       |       |     1 |       ||     1
       Beef jerky        |       |       |     1 |       ||     1

Vault maps used:
D:1:      lightli_arrival_quake
D:2:      minmay_stone_trees_medium
D:3:      kennysheep_goblin_castle, old_standard_altar, glass_columns_a,
          serial_bayou_ford_a, uniq_terence, uniq_sigmund, uniq_grinder
D:4:      temple_green, first_bread, yredelemnul_altar_generic
D:5:      kennysheep_generic_room_6, uniq_menkaure
D:7:      uniq_crazy_yiuf_cottage
D:8:      erik_lair_dragon, david_nohive_1, uniq_duvessa, uniq_grum
Temple:   grunt_circular_temple_18

Table legend:
 A = Turns spent in this place as a percentage of turns spent in the entire game.
 B = Non-inter-level travel turns spent in this place as a percentage of non-inter-level travel turns spent in the entire game.
 C = Inter-level travel turns spent in this place as a percentage of turns spent in this place.
 D = Turns resting spent in this place as a percentage of non-inter-level travel turns spent in this place.
 E = Turns spent auto-exploring this place as a percentage of non-inter-level travel turns spent in this place.
 F = Non-inter-level travel turns spent in this place divided by the number of levels of this place that you've seen.
                   A       B       C       D       E      F
               +-------+-------+-------+-------+-------+----------------------
         Total | 100.0 | 100.0 |   0.4 |   2.1 |   5.5 | 320.1
       Dungeon |  95.5 |  95.5 |   0.4 |   2.2 |   5.8 | 344.0
        Temple |   4.5 |   4.5 |   0.0 |   0.0 |   0.0 | 129.0
               +-------+-------+-------+-------+-------+----------------------

Table legend:
 A = Kills in this place as a percentage of kills in entire the game.
 B = Kills by you in this place as a percentage of kills by you in the entire game.
 C = Kills by friends in this place as a percentage of kills by friends in the entire game.
 D = Other kills in this place as a percentage of other kills in the entire game.
 E = Experience gained in this place as a percentage of experience gained in the entire game.
 F = Experience gained in this place divided by the number of levels of this place that you have seen.
                   A       B       C       D       E      F
               +-------+-------+-------+-------+-------+----------------------
         Total | 100.0 | 100.0 |  -nan |  -nan | 100.0 | 519.3
       Dungeon | 100.0 | 100.0 |  -nan |  -nan | 100.0 | 584.2
               +-------+-------+-------+-------+-------+----------------------
